 Dungeon Crawl Stone Soup version 0.29.0-4-gdea44cf6ec (webtiles) character file.

Game seed: 16600999740019850924

45 qw the Chopper (level 3, 0/21 HPs)
             Began as a Tengu Warper on Aug 28, 2022.
             Killed from afar by a hobgoblin (1 damage)
             ... with a puff of flame
             ... on level 2 of the Dungeon.
             The game lasted 00:00:08 (1641 turns).

qw the Chopper (Tengu Warper)                       Turns: 1641, Time: 00:00:09

Health: 0/21       AC: 11    Str: 13    XL:     3   Next: 64%
Magic:  7/7        EV:  3    Int: 13    God:
Gold:   71         SH:  0    Dex: 13    Spells: 6/6 levels left

rFire   . . .      SeeInvis .   Y - +0 hand axe
rCold   . . .      Faith    .   (no shield)
rNeg    . . .      Spirit   .   p - +0 plate armour
rPois   .          Reflect  .   (helmet restricted)
rElec   .          Harm     .   (no cloak)
rCorr   .          Rampage  .   m - +0 pair of gloves
Will    .....                   (boots unavailable)
Stlth   ..........              (no amulet)
HPRegen 0.07/turn               (no ring)
MPRegen 0.10/turn               (no ring)

@: lethally poisoned (0 -> -10)
A: beak, talons 3
a: no special abilities


You were on level 2 of the Dungeon.
You visited 1 branch of the dungeon, and saw 2 of its levels.

You collected 71 gold pieces.


Innate Abilities, Weirdness & Mutations

You have a beak for a mouth.
You have claws for feet.


   Skills:
 - Level 2.0 Fighting
 - Level 4.0 Axes
 - Level 1.0 Throwing
 + Level 1.7 Armour
 - Level 2.1 Dodging
 - Level 2.0 Spellcasting
 - Level 2.4 Translocations


You had 6 spell levels left.
You didn't know any spells.
Your spell library contained the following spells:

 Spells                   Type           Power      Damage    Failure   Level
 Blink                    Tloc           14%        N/A       100%        2
 Gell's Gravitas          Tloc           7%         N/A       100%        3
 Lesser Beckoning         Tloc           7%         N/A       100%        3
 Teleport Other           Tloc           7%         N/A       100%        3
 Manifold Assault         Tloc           7%         N/A       100%        5

Inventory:

Hand Weapons
 h - a +0 whip
 Y - a +0 hand axe (weapon)
Armour
 m - a +0 pair of gloves (worn)
 p - a +0 plate armour (worn)
Scrolls
 a - a scroll of butterflies {unknown}
 b - a scroll of poison {unknown}
Potions
 e - a potion of brilliance {unknown}
 f - a potion of cancellation
 g - a potion of curing {unknown}
 k - a potion of mutation {unknown}
 l - a potion of flight {unknown}

Dungeon Overview and Level Annotations

Branches:
Dungeon (2/15)

Altars:


Message History

Enter note: You barely miss the frilled lizard.
Your kick misses the frilled lizard.
The frilled lizard bites you but does no damage.
You hit the frilled lizard but do no damage.
Your kick misses the frilled lizard.
The frilled lizard bites you but does no damage. x2
You hit the frilled lizard.
You kill the frilled lizard!
There is an escape hatch in the floor here.
Found a club.
A giant cockroach comes into view.
Found a scroll labelled FEUWNUIWYQ.
You hit the giant cockroach. You peck the giant cockroach.
You kill the giant cockroach!
You see here a +0 club.
b - a scroll labelled FEUWNUIWYQ A hobgoblin comes into view.
It is quivering poisoned darts and carrying a wand of flame (30).
The hobgoblin shouts!
The hobgoblin throws a poisoned dart.
The poisoned dart hits you!
You are poisoned.
1634 ||| Stepping ~*~*~tactically~*~*~ (hiding).
You feel sick.
1635 ||| Stepping ~*~*~tactically~*~*~ (hiding).
You feel sick.
1636 ||| Stepping ~*~*~tactically~*~*~ (hiding).
You feel sick.
You feel sick.
The hobgoblin throws a poisoned dart.
The poisoned dart hits you!
You are lethally poisoned!
You feel very sick.
The hobgoblin throws a poisoned dart.
The poisoned dart hits you!
You are more poisoned.
You feel very sick.
A ball python comes into view.
The hobgoblin zaps a wand.
The puff of flame misses you.
A dart slug comes into view.
You feel very sick.
The ball python hisses angrily.
You feel very sick.
The hobgoblin zaps a wand.
The puff of flame hits you.
You die...

.###........ .#
#........ ###........ .#
#........ #.......... .#
#........ #w......... .#
#........ #..........
.#############.....S....
..>.....................
###########.....g.......
#......@.......
#.......#######
#.......# #.....).#
#.......# #.......#
#.......# #.......#
#.......#


You could see a dart slug, a hobgoblin and a ball python.

Vanquished Creatures
  An adder (D:2)
  4 bats (D:1)
  4 endoplasms (D:1)
  2 giant cockroaches
  4 goblins
  A hobgoblin (D:1)
  4 jackals (D:1)
  3 kobolds (D:1)
  5 ball pythons (D:1)
  5 frilled lizards
  A rat (D:1)
34 creatures vanquished.

Notes
Turn   | Place    | Note
-------+----------+-------------------------------------------
     0 | D:1      | qw the Tengu Warper began the quest for the Orb.
     0 | D:1      | Reached XP level 1. HP: 12/12 MP: 4/4
     0 | D:1      | 0 ||| qw: Version: 0.1-a-89-g26bdef1
     0 | D:1      | 0 ||| qw: Game counter: 2743
     0 | D:1      | 0 ||| qw: Always use a shield: true
     0 | D:1      | 0 ||| qw: God list: Okawaru
     0 | D:1      | 0 ||| qw: Allow faded altars: false
     0 | D:1      | 0 ||| qw: Do Orc after D:15 true
     0 | D:1      | 0 ||| qw: Do second Lair branch before Depths: true
     0 | D:1      | 0 ||| qw: Lair rune preference: random
     0 | D:1      | 0 ||| qw: Plans: Normal
     0 | D:1      | 0 ||| PLANNING D:1-11
    54 | D:1      | Reached skill level 3 in Axes
    54 | D:1      | Reached XP level 2. HP: 15/17 MP: 6/6
   253 | D:1      | 253 ||| Stepping ~*~*~tactically~*~*~ (stealth).
   256 | D:1      | 256 ||| Stepping ~*~*~tactically~*~*~ (stealth).
   261 | D:1      | HP: 4/17 [ball python (3)]
   515 | D:1      | 515 ||| DROPPING +0 club.
   557 | D:1      | Reached XP level 3. HP: 21/21 MP: 7/7
   896 | D:1      | Found a faded altar of an unknown god.
   914 | D:1      | Reached skill level 4 in Axes
  1279 | D:1      | 1279 ||| UPGRADING to +0 ring mail.
  1289 | D:1      | 1289 ||| DROPPING +0 leather armour.
  1290 | D:1      | 1290 ||| UPGRADING to +0 pair of gloves.
  1295 | D:1      | 1295 ||| UPGRADING to +0 scale mail.
  1305 | D:1      | 1305 ||| DROPPING +0 ring mail.
  1306 | D:1      | 1306 ||| UPGRADING to +0 plate armour.
  1316 | D:1      | 1316 ||| DROPPING +0 scale mail.
  1317 | D:1      | 1317 ||| DROPPING ring of flight.
  1318 | D:1      | 1318 ||| READING scroll labelled HOEROASH LOGH.
  1319 | D:1      | 1319 ||| READING scroll labelled BEUNAR FELL.
  1320 | D:1      | 1320 ||| DRINKING 2 viscous puce potions.
  1321 | D:1      | 1321 ||| DROPPING scroll of blinking.
  1634 | D:2      | 1634 ||| Stepping ~*~*~tactically~*~*~ (hiding).
  1635 | D:2      | 1635 ||| Stepping ~*~*~tactically~*~*~ (hiding).
  1636 | D:2      | 1636 ||| Stepping ~*~*~tactically~*~*~ (hiding).
  1640 | D:2      | HP: 4/21 [poisoned by a hobgoblin]
  1641 | D:2      | HP: 1/21 [poisoned by a hobgoblin]
  1641 | D:2      | Killed from afar by a hobgoblin

Levels and vault maps discovered:
D:1:      dpeg_arrival_rooms_with_view, layout_loops_ring,
          nicolae_ecumenical_snake_handling, minmay_pentomino_z4
D:2:      layout_basic

Skill      XL: |  1  2  3 |
---------------+----------+-----
Axes           | 3 4 |  4.0
Fighting       | |  2.0
Throwing       | |  1.0
Armour         | |  1.7
Dodging        | |  2.1
Spellcasting   | |  2.0
Translocations | |  2.4

Action                   || total
-------------------------++-------
Melee: Hand axe          ||    73
       Kick              ||    15
       Peck              ||    10
Throw: Boomerang         ||     7
  Use: Scroll            ||     2
       Potion            ||     1
Armor: Leather armour    ||    15
       Plate armour      ||     8
Dodge: Dodged            ||    31

Table legend:
 A = Non-vault XP
 B = Vault XP
 C = Vault XP percentage of total XP
 D = Non-vault monster count
 E = Vault monster count
 F = Vault count percentage of total count
                 A         B        C        D         E       F
            +---------+---------+-------+---------+---------+-------
      Total |      53 |      12 |  18.5 |      27 |       7 |  20.6
            +---------+---------+-------+---------+---------+-------
        D:1 |      36 |      12 |  25.0 |      23 |       7 |  23.3
        D:2 |      17 |       0 |   0.0 |       4 |       0 |   0.0
            +---------+---------+-------+---------+---------+-------
